 Dungeon Crawl Stone Soup version 0.23-a0-61-g4bf3f6c (webtiles) character file.

177 Amnesiac the Conjurer (level 5, -1/35 HPs)
             Began as a Mummy Conjurer on Aug 9, 2018.
             Slain by an adder (4 damage)
             ... on level 4 of the Dungeon.
             The game lasted 00:03:48 (1342 turns).

Amnesiac the Conjurer (Mummy Conjurer)              Turns: 1342, Time: 00:03:48

Health: -1/35      AC:  3    Str: 11    XL:     5   Next: 31%
Magic:  3/12       EV: 12    Int: 15    God:
Gold:   99         SH:  0    Dex: 13    Spells: 7/13 levels left

rFire    x . .     SeeInvis .   a - +2 dagger (venom)
rCold    + . .     Gourm    .   (no shield)
rNeg     + + +     Faith    .   b - +0 robe
rPois    ∞         Spirit   .   (no helmet)
rElec    .         Reflect  .   (no cloak)
rCorr    .         Harm     .   (no gloves)
MR       .....                  j - +0 pair of boots
Stlth    ++........             (no amulet)
HPRegen  0.11/turn              (no ring)
MPRegen  0.13/turn              (no ring)

@: no status effects
A: no food or potions, fire vulnerability, cold resistance 1, negative energy
resistance 3, torment resistance, unbreathing
a: no special abilities


You were on level 4 of the Dungeon.
You were not hungry.

You visited 1 branch of the dungeon, and saw 4 of its levels.

You collected 99 gold pieces.

Inventory:

Hand Weapons
 a - a +2 dagger of venom (weapon)
Armour
 b - a +0 robe (worn)
 d - a +0 shield
 j - a +0 pair of boots (worn)
Wands
 f - a wand of digging (10)


   Skills:
 - Level 1.5 Dodging
 - Level 1.5 Stealth
 + Level 4.7 Spellcasting
 * Level 4.8 Conjurations


You had 7 spell levels left.
You knew the following spells:

 Your Spells              Type           Power        Failure   Level  Hunger
a - Magic Dart            Conj           ###.         2%          1    N/A
d - Searing Ray           Conj           ###...       3%          2    N/A
e - Dazzling Spray        Conj/Hex       ##....       19%         3    N/A

Your spell library contained the following spells:

 Spells                   Type           Power        Failure   Level  Hunger
 Iskenderun's Mystic Bla  Conj           ###.....     24%         4    N/A
 Fulminant Prism          Conj/Hex       ##........   54%         4    N/A
 Force Lance              Conj/Tloc      ##......     54%         4    N/A

Dungeon Overview and Level Annotations

Branches:
Dungeon (4/15)
 Temple: D:4-7

Altars:
Elyvilon
Wu Jian
Zin

Annotations:
D:1 exclusion: jackal
D:4 Robin


Innate Abilities, Weirdness & Mutations

You do not eat or drink.
Your flesh is vulnerable to fire.
You are immune to poison.
Your flesh is cold resistant. (rC+)
You are immune to negative energy. (rN+++)
You are immune to unholy pain and torment.
You can survive without breathing.


Message History

* * * LOW HITPOINT WARNING * * *
There is a stone staircase leading up here.
The goblin no longer looks unusually strong.
You climb upwards.
There is a stone staircase leading down here.
You start resting.
A dart slug comes into view.
A dart slug is nearby!
A dart slug is nearby!
A dart slug is nearby!
You start resting.
The dart slug is too close now for your liking.
Casting: Searing Ray (safe; 3% risk of failure)
Confirm with . or Enter, or press ? or * to list all spells.
Aiming: Searing Ray (safe; 3% risk of failure)
Press: ? - help, Shift-Dir - straight line, f - dart slug
Aim: a dart slug (clinging, hasn't noticed you)
The searing ray hits the dart slug.
The dart slug is moderately wounded. (Press . to maintain the ray.)
A worker ant comes into view.
The worker ant twitches its antennae in your direction.
A rat comes into view.
The searing ray hits the dart slug.
You kill the dart slug!
You finish channeling your searing ray.
There is a stone staircase leading down here.
Okay, then.
You climb downwards.
Level annotation: Robin A jackal comes into view.
The jackal barks!
You hear a bark!
The goblin hits you but does no damage. The goblin misses you.
The jackal bites you.
* * * LOW HITPOINT WARNING * * *
The goblin hits you but does no damage.
A jackal comes into view.
The goblin closely misses you.
There is a stone staircase leading up here.
The jackal completely misses you. The jackal closely misses you. x2
The jackal closely misses you. x2
Really read
i - a scroll of teleportation {!r}?
As you read the scroll of teleportation {!r}, it crumbles to dust.
You feel strangely unstable. The goblin hits you with a dagger.
* * * LOW HITPOINT WARNING * * *
Your surroundings suddenly seem different.
Found a scroll of remove curse.
An adder and 2 jackals come into view.
You open the door.
The adder hisses angrily.
The jackal barks! x2; You hear a bark!
A worker ant comes into view.
The adder barely misses you.
The worker ant twitches its antennae in your direction.
Found 16 gold pieces.
There is an open door here.
A jackal comes into view.
You hit the adder.
The adder is moderately wounded.
The adder bites you.
* * * LOW HITPOINT WARNING * * *
You hit the adder.
The adder is poisoned.
The adder is severely wounded.
The adder bites you.
You die...

##### ##..#.
#.... ....
##..#####
#...##..##
#..@#....#
##..Sh...#
#..##h..#
#..##...#
....##...#
........h...
.#.##........?.
.#$
#..###.a#### .#
#.. ..#


You could see an adder and 2 jackals.

Vanquished Creatures
  An ogre (D:4)
  An orc wizard (D:4)
  2 adders
  An ooze (D:2)
  A worm (D:4)
  2 dart slugs
  A leopard gecko (D:1)
  4 orcs
  A bat (D:1)
  7 goblins
  4 hobgoblins
  3 frilled lizards (D:2)
  4 kobolds (D:1)
  2 rats
34 creatures vanquished.

Notes
Turn   | Place    | Note
-------+----------+-------------------------------------------
     0 | D:1      | Amnesiac the Mummy Conjurer began the quest for the Orb.
     0 | D:1      | Reached XP level 1. HP: 13/13 MP: 4/4
   287 | D:1      | Reached XP level 2. HP: 9/19 MP: 0/6
   291 | D:1      | Learned a level 2 spell: Searing Ray
   580 | D:2      | Found an ornate altar of the Wu Jian Council.
   648 | D:2      | Reached XP level 3. HP: 15/24 MP: 8/8
   734 | D:3      | Found a white marble altar of Elyvilon.
   838 | D:3      | Found a glowing silver altar of Zin.
   898 | D:4      | Reached XP level 4. HP: 23/30 MP: 1/10
  1045 | D:4      | Learned a level 3 spell: Dazzling Spray
  1067 | D:4      | Noticed an ogre
  1079 | D:4      | Killed an ogre
  1079 | D:4      | Reached XP level 5. HP: 10/35 MP: 3/12
  1268 | D:4      | Noticed Robin
  1342 | D:4      | Slain by an adder

Vault maps used:
D:1:      roderic_chinese_lattice_arrival, serial_bayou_pond_a
D:2:      lemuel_crystal_altar, uniq_terence
D:3:      zin_academy, lemuel_round_altar, first_ration, elyvilon_altar_3,
          uniq_ijyb
D:4:      lemuel_crystal_altar, grunt_dithmenos_shadows,
          biasface_ghost_orc_armoury, uniq_robin, uniq_menkaure, uniq_sigmund

Skill      XL: |  1  2  3 |
---------------+----------+-----
Spellcasting   | 3 4 |  4.7
Conjurations   | 4 |  4.8
Dodging        | |  1.5
Stealth        | |  1.5

Action                   |  1- 3 |  4- 6 || total
-------------------------+-------+-------++-------
Melee: Unarmed           |     3 |       ||     3
       Whip              |    27 |     3 ||    30
       Dagger            |       |    10 ||    10
 Cast: Magic Dart        |    17 |       ||    17
       Searing Ray       |     3 |     5 ||     8
       Dazzling Spray    |       |     1 ||     1
  Use: Scroll            |     4 |     1 ||     5
Armor: Robe              |     7 |     3 ||    10
Dodge: Dodged            |    17 |    22 ||    39

Table legend:
 A = Non-vault XP
 B = Vault XP
 C = Vault XP percentage of total XP
 D = Non-vault monster count
 E = Vault monster count
 F = Vault count percentage of total count
 G = Total turns spent on level
                 A         B        C        D         E       F
            +---------+---------+-------+---------+---------+-------
      Total |     240 |      14 |   5.5 |      27 |       7 |  20.6
            +---------+---------+-------+---------+---------+-------
        D:1 |      20 |       0 |   0.0 |      10 |       0 |   0.0
        D:2 |      26 |       0 |   0.0 |       6 |       0 |   0.0
        D:3 |      10 |       0 |   0.0 |       4 |       0 |   0.0
        D:4 |     184 |      14 |   7.1 |       7 |       7 |  50.0
            +---------+---------+-------+---------+---------+-------
